 Dungeon Crawl Stone Soup version 0.29-a0-362-g5854e031c7 (webtiles) character file.

Game seed: 3655840365025490628

47 Shayle the Sneak (level 3, -1/22 HPs)
             Began as a Tengu Brigand on Apr 29, 2022.
             Slain by Natasha (5 damage)
             ... on level 2 of the Dungeon.
             The game lasted 00:03:42 (1308 turns).

Shayle the Sneak (Tengu Brigand)                    Turns: 1308, Time: 00:03:50

Health: -1/22      AC:  3    Str: 11    XL:     3   Next: 70%
Magic:  5/5        EV: 12    Int: 13    God:
Gold:   98         SH:  0    Dex: 15    Spells: 4/4 levels left

rFire   . . .      SeeInvis .   a - +2 dagger
rCold   . . .      Faith    .   (no shield)
rNeg    . . .      Spirit   .   b - +0 robe
rPois   .          Reflect  .   (helmet restricted)
rElec   .          Harm     .   c - +0 cloak
rCorr   .          Rampage  .   (no gloves)
Will    .....                   (boots unavailable)
Stlth   +++.......              (no amulet)
HPRegen 0.07/turn               (no ring)
MPRegen 0.09/turn               (no ring)

@: flying
A: beak, talons 3
a: no special abilities


You were on level 2 of the Dungeon.
You visited 1 branch of the dungeon, and saw 2 of its levels.

You collected 98 gold pieces.

Inventory:

Hand Weapons
 a - a +2 dagger (weapon)
Missiles
 d - 9 poisoned darts (quivered)
Armour
 b - a +0 robe (worn)
 c - a +0 cloak (worn)
 h - a +0 ring mail
Scrolls
 f - a scroll of enchant armour {unknown}
 i - 2 scrolls of immolation {unknown}
 m - a scroll of holy word {unknown}
 n - a scroll of identify {unknown}
Potions
 g - a potion of brilliance {unknown}
 j - 2 potions of cancellation {unknown}
 k - 2 potions of flight
 l - a potion of ambrosia {unknown}
 o - a potion of curing {unknown}


   Skills:
 + Level 2.6 Fighting
 - Level 2.1 Short Blades
 - Level 2.0 Throwing
 + Level 2.0 Dodging
 + Level 4.4 Stealth
 + Level 1.1 Spellcasting


You had 4 spell levels left.
You didn't know any spells.
Your spell library contained the following spells:

 Spells                   Type           Power      Damage    Failure   Level
 Summon Small Mammal      Summ           0%         N/A       28%         1
 Sublimation of Blood     Necr           0%         N/A       38%         2
 Call Canine Familiar     Summ           0%         N/A       63%         3
 Summon Guardian Golem    Hex/Summ       0%         N/A       63%         3
 Petrify                  Tmut/Erth      0%         N/A       95%         4
 Irradiate                Conj/Tmut      0%         3d13      100%        5


Dungeon Overview and Level Annotations

Branches:
Dungeon (2/15)

Altars:

Shops:
D:2 [

Annotations:
D:2 Natasha


Innate Abilities, Weirdness & Mutations

You have a beak for a mouth.
You have claws for feet.


Message History

You hit the kobold but do no damage. Your kick misses the kobold.
Natasha casts a spell.
The kobold hits you but does no damage.
You hit the kobold. You claw the kobold, but do no damage.
Your peck misses the kobold.
The kobold is severely wounded.
The kobold hits you but does no damage.
You hit the kobold but do no damage.
The kobold is severely wounded.
Natasha casts a spell.
The kobold hits you with a +0 dagger.
You hit the kobold.
You kill the kobold!
The white imp gestures at you. The puff of frost hits you!
Throw: 3 darts (curare)
Press: ? - help, Q - select action, (/) - cycle Shift-Dir - straight line, f - Natasha
Aim: Natasha (unusually resistant, 53% to hit)
You throw a curare-tipped dart.
The curare-tipped dart closely misses Natasha.
Natasha barely misses you.
Throw: 2 darts (curare)
Press: ? - help, Q - select action, (/) - cycle Shift-Dir - straight line, f/p - Natasha
Aim: Natasha (unusually resistant, 53% to hit)
You throw a curare-tipped dart. The curare-tipped dart hits Natasha.
Natasha claws you!
* * * LOW HITPOINT WARNING * * *
Throw: dart (curare)
Press: ? - help, Q - select action, (/) - cycle Shift-Dir - straight line, f/p - Natasha
Aim: Natasha (unusually resistant, 53% to hit)
You throw a curare-tipped dart. The curare-tipped dart misses Natasha.
Natasha barely misses you.
Unknown command.
It was a potion of flight.
You feel very buoyant.
You fly up into the air.
Natasha mumbles some strange words.
Natasha shimmers violently.
Natasha claws you.
You die...

#.. #. #.# #.
#.# #. #.# #.
#.# #### #. #.#
#... #. #.#
#.##
######5##.#####
#.##
......5h@.....#
#.##
#####..######.#
#.## #.! #.#
#.## #.. #.#
#.## #.. #.#
#.## #.. #.#
#.# #.. #.# #.#
#.# #.# #.##
#.# #...


You could see Natasha (resistant), a white imp (summoned) and a shadow imp
(summoned).

Vanquished Creatures
  A gnoll (D:1)
  A dart slug (D:1)
  4 ball pythons
  7 endoplasms
  2 giant cockroaches (D:1)
  2 goblins (D:1)
  4 hobgoblins
  2 kobolds
  2 quokkas
  3 bats (D:1)
  A frilled lizard (D:1)
  2 rats (D:1)
31 creatures vanquished.

Notes
Turn   | Place    | Note
-------+----------+-------------------------------------------
     0 | D:1      | Shayle the Tengu Brigand began the quest for the Orb.
     0 | D:1      | Reached XP level 1. HP: 12/12 MP: 2/2
    77 | D:1      | Reached XP level 2. HP: 8/17 MP: 3/3
   616 | D:1      | Reached skill level 1 in Spellcasting
   616 | D:1      | Reached XP level 3. HP: 22/22 MP: 5/5
   779 | D:1      | Found a faded altar of an unknown god.
  1045 | D:2      | Found Ittaodee's Armour Boutique.
  1072 | D:2      | Noticed a scorpion
  1298 | D:2      | Noticed Natasha
  1308 | D:2      | Slain by Natasha

Illustrated notes

Levels and vault maps discovered:
D:1:      kennysheep_arrival_seaside, layout_loops_ring,
          chequers_ecumenical_altar_twisty
D:2:      layout_loops_ring, serial_shops,
          nicolae_shop_competitors_out_of_business, uniq_natasha

Skill      XL: |  1  2  3 |
---------------+----------+-----
Spellcasting   | 1 |  1.1
Dodging        | 2 |  2.0
Fighting       | |  2.6
Short Blades   | |  2.1
Throwing       | |  2.0
Stealth        | |  4.4

Action                   || total
-------------------------++-------
Melee: Dagger            ||    52
       Peck              ||     7
       Kick              ||     6
Throw: Dart              ||     3
  Use: Potion            ||     1
 Stab: Sleeping          ||    14
Armor: Robe              ||     7
Dodge: Dodged            ||    22

Table legend: (Time is in decaauts)
 A = Elapsed time spent in this place.
 B = Non-inter-level travel time spent in this place.
 C = Inter-level travel time spent in this place.
 D = Time resting spent in this place.
 E = Time spent auto-exploring this place.
 F = Levels seen in this place.
 G = Mean time per level.
                   A        B        C        D        E       F      G
               +--------+--------+--------+--------+--------+-----+--------+
         Total |   1305 |   1279 |     26 |    175 |    766 |   2 |  652.5 |
       Dungeon |   1305 |   1279 |     26 |    175 |    766 |   2 |  652.5 |
               +--------+--------+--------+--------+--------+-----+--------+

Top non-repeatable levels by time:
     D:1: 1039 daAuts
     D:2: 265 daAuts
